 Dungeon Crawl Stone Soup version 0.20-b1-18-gaa2fd62 (webtiles) character file.

872 s8n the Magician (level 7, -3/40 HPs)
             Began as a Deep Elf Fire Elementalist on May 24, 2017.
             Was a Follower of Sif Muna.
             Slain by an orc warrior
             ... wielding a +0 trident
              (15 damage)
             ... on level 6 of the Dungeon.
             The game lasted 00:20:28 (6138 turns).

s8n the Magician (Deep Elf Fire Elementalist)       Turns: 6138, Time: 00:20:29

Health: -3/40      AC: 14    Str:  5    XL:     7   Next: 74%
Magic:  13/27      EV: 10    Int: 27    God:    Sif Muna [*.....]
Gold:   223        SH:  0    Dex: 15    Spells: 3/18 levels left

rFire    . . .     SeeInvis +   u - -1 dagger (curse)
rCold    . . .     Gourm    .   (no shield)
rNeg     + . .     Faith    .   g - +3 ring mail of Cuusmy {rN+}
rPois    .         Spirit   .   p - +1 helmet
rElec    .         Reflect  .   (no cloak)
rCorr    .         Harm     .   h - +0 pair of gloves
MR       .....                  q - +2 pair of boots
Stlth    ++........             (no amulet)
Regen    0.2/turn               r - ring of magical power
MPRegen  0.2/turn               C - ring of see invisible

@: brilliant, very slightly contaminated
A: no striking features
a: Divine Energy, Renounce Religion


You were on level 6 of the Dungeon.
You worshipped Sif Muna.
Sif Muna was aware of your devotion.
You were not hungry.

You visited 2 branches of the dungeon, and saw 7 of its levels.

You collected 223 gold pieces.

Inventory:

Hand Weapons
 k - a +0 dagger
 u - a cursed -1 dagger (weapon)
 x - a +3 scimitar
Armour
 a - a +0 robe
 g - the +3 ring mail of Cuusmy (worn) {rN+}
   (You found it on level 5 of the Dungeon)

   It protects you from negative energy.
 h - a +0 pair of gloves (worn)
 p - a +1 helmet (worn)
 q - a +2 pair of boots (worn)
Jewellery
 r - a ring of magical power (left hand)
 B - an uncursed ring of protection from magic
 C - a ring of see invisible (right hand)
 D - an uncursed ring of fire {unknown}
Scrolls
 d - 3 scrolls of teleportation
 t - 2 scrolls of blinking
 w - a scroll of fog
 y - 2 scrolls of enchant armour
 z - a scroll of enchant weapon {unknown}
Potions
 e - a potion of curing
 i - 2 potions of degeneration
 l - 4 potions of agility
 m - a potion of experience {unknown}
 n - a potion of haste {unknown}
 o - a potion of heal wounds {unknown}
 s - a potion of brilliance
 v - a potion of resistance
Books
 b - a book of Flames

   Spells                             Type                      Level
   a - Flame Tongue                   Conjuration/Fire             1
   b - Throw Flame                    Conjuration/Fire             2
   c - Conjure Flame                  Conjuration/Fire             3
   d - Inner Flame                    Hexes/Fire                   3
   e - Sticky Flame                   Conjuration/Fire             4
   f - Fireball                       Conjuration/Fire             5
Comestibles
 c - 6 bread rations
 f - 2 meat rations
 j - 4 fruits
 A - 5 chunks of flesh
 E - a royal jelly


   Skills:
 + Level 2.4 Fighting
 + Level 1.5 Short Blades
 * Level 1.4 Armour
 + Level 3.7 Dodging
 + Level 3.0 Stealth
 + Level 6.1 Spellcasting
 + Level 4.1 Conjurations
 + Level 5.7 Fire Magic


You had 3 spell levels left.
You knew the following spells:

 Your Spells              Type           Power        Failure   Level  Hunger
a - Flame Tongue          Conj/Fire      #####        1%          1    None
b - Throw Flame           Conj/Fire      ######       1%          2    None
c - Conjure Flame         Conj/Fire      ######..     1%          3    None
e - Sticky Flame          Conj/Fire      ######..     4%          4    ###....
f - Fireball              Conj/Fire      ######....   12%         5    #####..


Dungeon Overview and Level Annotations

Branches:
Dungeon (6/15)             Temple (1/1) D:4

Altars:
Ashenzari
Cheibriados
Dithmenos
Hepliaklqana
Makhleb
Nemelex Xobeh
Okawaru
Qazlal
Ru
Sif Muna
Trog
Uskayaw
Vehumet
Xom
Yredelemnul
Zin


Message History

Aiming: Sticky Flame
Press: ? - help, Shift-Dir - straight line, f/p - orc warrior
Aim: an orc warrior, wielding a trident and wearing a plate armour (lightly wounded, berserk, fast, unusually strong)
The sticky flame hits the orc warrior.
The orc warrior is lightly wounded.
The orc warrior is covered in liquid flames!
The orc warrior burns!
The orc warrior hits you with a trident.
The orc warrior hits you with a trident!!
* * * LOW HITPOINT WARNING * * *
The orc warrior burns!
The orc warrior burns!
The orc warrior barely misses you.
The orc warrior burns!
The orc warrior burns!
The orc warrior closely misses you.
The orc warrior burns!
The orc warrior stops burning.
It was a potion of brilliance.
You feel clever all of a sudden. The orc warrior barely misses you.
The orc warrior hits you with a trident!
You die...

##.........≈≈≈≈.##
#...≈≈≈≈≈.≈≈≈)..#
#.#.≈≈≈≈≈.≈≈≈≈..#
#+#.≈≈≈≈≈.≈≈≈≈..# ###
...≈≈≈≈≈.≈≈≈≈..# #..
................# #.###
......######.##..# #.#.### #
.......####.....########......
+
......+.....@o.........([....
# ####...##########.....#
#####.#### ###.#.# #........#
.... #.###.##.# #.# #+#
#.###.##.# .#
####.#####.##..##.# #
##.......<#.##.###.#
.#.##.###.#.##.# #.#


You could see an orc warrior (berserk).

Vanquished Creatures
  A scorpion (D:4)
  3 wights (D:6)
  An electric eel (D:6)
  4 hounds
  3 orc priests (D:6)
  4 orc wizards
  An iguana (D:5)
  A worker ant (D:4)
  A hound skeleton (D:5)
  Robin (D:2)
  7 gnolls
  5 adders (D:3)
  A shadow imp (D:5)
  An adder zombie (D:5)
  4 worms
  5 dart slugs
  3 leopard geckos
  21 orcs
  7 giant cockroaches
  15 goblins
  10 hobgoblins
  6 jackals
  4 kobolds
  A ball python (D:3)
  5 bats
  5 frilled lizards
  A leopard gecko zombie (D:5)
  A quokka zombie (D:5)
  7 rats
129 creatures vanquished.

Notes
Turn   | Place    | Note
-------+----------+-------------------------------------------
     0 | D:1      | s8n the Deep Elf Fire Elementalist began the quest for the Orb.
     0 | D:1      | Reached XP level 1. HP: 10/10 MP: 6/6
   545 | D:1      | Reached XP level 2. HP: 12/15 MP: 0/8
   554 | D:1      | Learned a level 2 spell: Throw Flame
  1280 | D:2      | Reached XP level 3. HP: 20/20 MP: 2/10
  1582 | D:2      | Reached skill level 1 in Fighting
  1881 | D:2      | Noticed Robin
  1886 | D:2      | Reached XP level 4. HP: 25/25 MP: 8/11
  1905 | D:2      | Learned a level 3 spell: Conjure Flame
  1910 | D:2      | Learned a level 4 spell: Sticky Flame
  1979 | D:2      | Reached skill level 4 in Spellcasting
  2028 | D:2      | Killed Robin
  2653 | D:3      | Reached XP level 5. HP: 29/29 MP: 2/13
  3732 | D:4      | Found a staircase to the Ecumenical Temple.
  3928 | D:4      | Reached XP level 6. HP: 35/35 MP: 15/15
  3992 | Temple   | Entered the Ecumenical Temple
  4145 | Temple   | Became a worshipper of Sif Muna the Loreminder
  4209 | D:4      | Reached skill level 5 in Fire Magic
  4347 | D:4      | Found an iron altar of Okawaru.
  4619 | D:5      | Entered Level 5 of the Dungeon
  4916 | D:5      | Reached skill level 5 in Spellcasting
  4955 | D:5      | Reached skill level 1 in Short Blades
  5064 | D:5      | Reached XP level 7. HP: 40/40 MP: 17/17
  5381 | D:5      | Learned a level 5 spell: Fireball
  5392 | D:5      | Got a distressingly furry ring mail
  5403 | D:5      | Identified the +3 ring mail of Cuusmy {rN+} (You found it on level 5 of the Dungeon)
  5648 | D:6      | Reached * piety under Sif Muna
  5971 | D:6      | Reached skill level 1 in Armour
  5983 | D:6      | Reached skill level 6 in Spellcasting
  6138 | D:6      | Slain by an orc warrior

Skill      XL: |  1  2  3  4  5  6  7 |
---------------+----------------------+-----
Fire Magic     | 4 5 |  5.7
Fighting       | 1 2 |  2.4
Spellcasting   | 4 5 6 |  6.1
Conjurations   | 2 3 4 |  4.1
Dodging        | 3 |  3.7
Stealth        | 3 |  3.0
Short Blades   | 1 |  1.5
Armour         | 1 |  1.4

Action                   |  1- 3 |  4- 6 |  7- 9 || total
-------------------------+-------+-------+-------++-------
Melee: Dagger            |     3 |   101 |    40 ||   144
Throw: Stone             |     3 |       |       ||     3
 Cast: Flame Tongue      |    62 |   124 |    37 ||   223
       Throw Flame       |     5 |    23 |    13 ||    41
       Sticky Flame      |       |     4 |     1 ||     5
  Use: Scroll            |     2 |     4 |     5 ||    11
       Potion            |       |       |     1 ||     1
 Stab: Sleeping          |       |     1 |       ||     1
  Eat: Chunk             |     3 |    11 |     3 ||    17
Armor: Robe              |     3 |    39 |    10 ||    52
       Ring mail         |       |       |     9 ||     9
Dodge: Dodged            |    14 |   106 |    19 ||   139
